AoeStats
← [PSCH] R!ce

Nomad

509642929Analyzed
2v2 RM · 5d ago on Sep 27, 2026· 49m 57s· 4 players
Game mode
Random Map
Map size
176×176
Population
200
Speed
Normal
Resources
Standard
Victory
Conquest
Starting age
Dark Age
Ending age
Imperial Age
RankedLock teamsTeams togetherTeam positionsShared explorationLock speedFull tech treeHidden civsTurbo modeCheats
Victory
Defeat
🇨🇭 Celts · Switzerland
1461
+15
🇨🇭 Armenians · Switzerland
1402
+17
🇳🇱 Koreans · Netherlands
1440
-16
🇧🇩 Ethiopians · Bangladesh
1428
-16
Lindy
4:36 Loom
12:53 Feudal Age
14:48 Double-Bit Axe
15:59 Fletching
17:53 Gold Mining
20:27 Castle Age
21:20 Medium Warships
21:12 Bodkin Arrow
25:29 Wheelbarrow
29:26 Ballistics
30:36 Bow Saw
30:41 Horse Collar
31:59 Careening
34:45 Hand Cart
38:40 Imperial Age
36:59 Stone Mining
37:44 Gold Shaft Mining
39:50 Conscription
39:30 Bracer
40:48 Chemistry
41:11 Husbandry
41:19 Thumb Ring
43:04 Masonry
42:19 Elite War Wagon
46:47 Scale Barding Armor
46:52 Forging
46:23 Light Cavalry
_Orca_
3:40 Loom
13:42 Feudal Age
15:34 Fletching
16:58 Padded Archer Armor
23:27 Castle Age
23:34 Crossbowman
24:09 Bodkin Arrow
25:36 Ballistics
25:41 Leather Archer Armor
25:22 Double-Bit Axe
32:21 Scale Mail Armor
35:30 Chain Mail Armor
36:50 Wheelbarrow
36:01 Town Watch
41:51 Imperial Age
42:53 Arbalester
46:18 Hand Cart
[PSCH] Reh
4:52 Loom
13:00 Feudal Age
13:32 Double-Bit Axe
13:53 Gold Mining
16:36 Fletching
21:15 Castle Age
20:09 Fishing Lines
22:12 Medium Warships
21:59 Bodkin Arrow
22:25 Bow Saw
24:52 Ballistics
25:31 Scale Barding Armor
30:45 Horse Collar
33:27 Heavy Plow
36:39 Imperial Age
35:00 Stone Mining
37:25 Capped Ram
41:49 Wheelbarrow
41:20 Scale Mail Armor
41:30 Forging
43:38 Chemistry
44:52 Heavy Scorpion
46:41 Town Watch
47:41 Conscription
48:07 Gold Shaft Mining
48:10 Furor Celtica
50:46 Hoardings
50:27 Chain Mail Armor
50:48 Iron Casting
[PSCH] R!ce
5:32 Loom
12:17 Feudal Age
13:51 Double-Bit Axe
20:13 Castle Age
23:43 Fletching
24:37 Bow Saw
24:46 Bodkin Arrow
25:29 Medium Warships
32:10 Ballistics
36:16 Imperial Age
34:45 Padded Archer Armor
38:26 Chemistry
38:21 Bracer
43:33 Elite Composite Bowman
47:30 Leather Archer Armor
Connection lost

Rejoining the realm…

Still unreachable

The connection could not be restored.

Session expired

The server has moved on; the page needs a fresh start.